 Dungeon Crawl Stone Soup version 0.29.1-12-g30fa7ad0bf (webtiles) character file.

Game seed: 11975049686892514656

68774 mortz the Warrior (level 15, -6/107 HPs)
             Began as a Gargoyle Monk on Dec 13, 2022.
             Was the Champion of Trog.
             Mangled by a warg (13 damage)
             ... on level 1 of the Orcish Mines on Dec 14, 2022.
             The game lasted 02:00:11 (18232 turns).

mortz the Warrior (Gargoyle Monk)                  Turns: 18232, Time: 02:00:12

Health: -6/107     AC: 16    Str: 28    XL:     15   Next: 27%
Magic:  15/15      EV:  7    Int:  7    God:    Trog [******]
Gold:   1308       SH: 17    Dex: 12    Spells: 14/14 levels left

rFire   . . .      SeeInvis +   a - +10 spear of Doom {vorpal, +Blink Int-4 Stlth+}
rCold   + . .      Faith    .   e - +1 tower shield
rNeg    + . .      Spirit   .   u - +0 plate armour
rPois   ∞          Reflect  .   (no helmet)
rElec   +          Harm     .   (no cloak)
rCorr   .          Rampage  .   W - +2 pair of gloves
Will    +++..                   Y - +1 pair of boots "Qiegosegoo" {rPois rC+ Will++}
Stlth   ..........              K - amulet of regeneration
HPRegen 1.07/turn               h - ring of see invisible
MPRegen 0.14/turn               Z - +6 ring of strength

@: corroded, flying
A: sickness immunity, AC +11, big wings, negative energy resistance 1,
electricity resistance, torment resistance 1, petrification resistance
a: Renounce Religion, Evoke Blink, Berserk, Trog's Hand, Brothers in Arms


You were on level 1 of the Orcish Mines.
You worshipped Trog.
Trog was exalted by your worship.
You visited 3 branches of the dungeon, and saw 19 of its levels.
You also visited: Ossuary and Gauntlet.

You collected 1572 gold pieces.
You spent 264 gold pieces at shops.

Inventory:

Hand Weapons
 a - the +10 spear of Doom (weapon) {vorpal, +Blink Int-4 Stlth+}
   (You found it on level 3 of the Dungeon)

   It inflicts extra damage upon your enemies.
   Int:       It affects your intelligence (-4).
   +Blink:    It lets you blink.
   Stlth:     It makes you more stealthy.
 b - the +11 great sword of Spite {holy, rPois MP+9}
   (You found it on level 5 of the Lair of Beasts)

   It has been blessed by the Shining One to cause great damage to the undead
   and demons.
   rPois:     It protects you from poison.
   MP:        It affects your magic capacity (+9).
 s - a +3 spectral mace
 P - a +2 scimitar of flaming
Missiles
 i - 9 silver javelins
 k - 36 poisoned darts (quivered)
 o - 4 curare-tipped darts
 A - 4 throwing nets
 B - 3 boomerangs of dispersal
 N - 2 silver boomerangs
Armour
 e - a +1 tower shield (worn)
 u - a +0 plate armour (worn)
 H - a +2 ring mail of fire resistance
 L - a +2 robe of willpower
 U - a +0 troll leather armour
 W - a +2 pair of gloves (worn)
 Y - the +1 pair of boots "Qiegosegoo" (worn) {rPois rC+ Will++}
   (You found it in a Gauntlet)

   rC:        It protects you from cold.
   rPois:     It protects you from poison.
   Will:      It greatly increases your willpower.
Jewellery
 d - a ring of protection from cold
 f - a +6 ring of dexterity
 h - a ring of see invisible (left hand)
 w - a ring of protection from fire
 K - an amulet of regeneration (around neck)
 Q - a ring of protection from fire
 Z - a +6 ring of strength (right hand)
Wands
 m - a wand of paralysis (35)
 y - a wand of light (21)
 C - a wand of roots (20)
 F - a wand of flame (31)
 G - a wand of digging (18)
Scrolls
 n - a scroll of magic mapping
 p - 16 scrolls of teleportation
 r - 6 scrolls of fear
 x - 6 scrolls of fog
 z - a scroll of enchant weapon
 D - 7 scrolls of identify
 R - 2 scrolls of brand weapon
 T - 2 scrolls of summoning
 V - 4 scrolls of immolation
 X - a scroll of poison
Potions
 c - 5 potions of ambrosia
 g - 6 potions of heal wounds
 j - 3 potions of mutation
 l - a potion of invisibility
 q - 6 potions of lignification
 t - 5 potions of might
 v - 10 potions of curing
 E - 4 potions of berserk rage
 I - 2 potions of magic
 J - 2 potions of haste
 M - 2 potions of attraction
Miscellaneous
 O - a condenser vane
 S - a phial of floods


   Skills:
 * Level 17.1 Fighting
 - Level 4.0 Maces & Flails
 + Level 10.9 Polearms
 + Level 11.0 Armour
 + Level 4.6 Dodging
 - Level 2.1 Stealth
 + Level 10.9 Shields
 - Level 10.0 Evocations


You had 14 spell levels left.
You didn't know any spells.
Your spell library was empty.

Dungeon Overview and Level Annotations

Branches:
Dungeon (12/15) Zot: 25774  Temple (0/1) D:7            Lair (5/5) D:9 Zot: 24101
 Shoals (0/4) Lair:3       Spider (0/4) Lair:3        Slime (0/5) Lair:5
    Orc (2/2) D:12 Zot: 11440     Elf (0/3) Orc:2       Ossuary (visited)
Gauntlet (visited)

Altars:
Cheibriados
Fedhas
Hepliaklqana
Makhleb
Okawaru
Qazlal
Ru
Sif Muna
Trog
Vehumet
Yredelemnul
Jiyva

Shops:
D:4 !(   D:7 !   D:9 =   Orc:1 [

Annotations:
Lair:1 1 runed translucent door, PorkyPig's ghost, journeyman DrCj
Lair:3 exclusion: downstairs


Innate Abilities, Weirdness & Mutations

You are immune to sickness and miasma.
Your stone body is resilient. (AC +11)
You are immune to poison.
Your large and strong wings let you fly.
You resist negative energy. (rN+)
You are resistant to electric shocks. (rElec)
You are resistant to unholy torment.
You are immune to petrification.


Message History

The troll is moderately wounded.
A warg comes into view.
You hit the troll.
The troll is heavily wounded.
The troll bites you.
You hit the troll but do no damage.
The troll is moderately wounded.
You hit the troll but do no damage.
The troll is moderately wounded.
The troll bites you. The troll claws you.
You hit the troll but do no damage.
The troll is moderately wounded.
You hit the troll but do no damage.
The troll is moderately wounded.
You hit the troll but do no damage.
The troll is moderately wounded.
The warg barely misses you.
You hit the troll but do no damage.
The troll is moderately wounded.
The warg bites you!
* * * LOW HITPOINT WARNING * * *
The troll bites you.
* * * LOW HITPOINT WARNING * * *
You completely miss the troll.
The troll is moderately wounded.
The troll claws you!
* * * LOW HITPOINT WARNING * * *
The troll barely misses you. The warg barely misses you.
You hit the troll but do no damage.
The troll is moderately wounded.
The warg bites you.
* * * LOW HITPOINT WARNING * * *
You hit the troll but do no damage.
The troll is moderately wounded.
You barely miss the troll.
The troll is moderately wounded.
The troll claws you.
* * * LOW HITPOINT WARNING * * *
The warg bites you!
You die...

......# ...$.##
.......#..#....
...#...........
...............
...............
.......$.......
#.$.....h......
#.....@T.....#
..##...h.......
#......>.....
...............
...............
.#............#
##.##.......##
## .........


You could see a troll and 2 wargs.

Vanquished Creatures
  Kirke (Lair:4)
  A minotaur (Gauntlet)
  Josephine (Lair:3)
  A boulder beetle (D:9)
  Erolcha (Orc:2)
  2 centaur warriors
  9 hydras
  A merfolk avatar (Lair:5)
  Erica (D:8)
  2 two-headed ogres
  13 death yaks
  A death scarab (Gauntlet)
  A spectral death yak (Gauntlet)
  A fire crab (Lair:5)
  2 sea snakes (Lair:5)
  3 skeletal warriors (D:11)
  2 wizards (Gauntlet)
  2 harpies (Lair:5)
  2 manticores (D:11)
  2 cyclopes
  A merfolk siren (Lair:3)
  7 elephants (Lair:5)
  A torpor snail (Lair:1)
  2 molten gargoyles (Lair:1)
  5 black mambas
  13 cane toads
  4 gargoyles
  2 unseen horrors
  6 komodo dragons
  4 rime drakes
  6 trolls
  5 polar bears
  A meliai (Lair:3)
  A meliai (shapeshifter) (D:8)
  A wind drake (Lair:5)
  5 blink frogs
  A slime creature (Lair:5)
  3 snapping turtles (Lair:5)
  3 hornets
  14 dream sheep
  3 shadows (Gauntlet)
  A vampire (D:12)
  46 yaks
  A basilisk (Lair:1)
  6 wraiths
  5 wyverns
  4 fire bats (Lair:1)
  3 fire elementals (Lair:1)
  A hog (Lair:4)
  4 wargs
  An acid dragon (D:8)
  18 water moccasins
  14 orc warriors
  3 black bears
  12 wolves (Lair:3)
  10 ogres
  4 centaurs
  A phantom (D:5)
  7 kobold brigands
  Blork the orc (D:5)
  8 bullfrogs
  8 scorpions
  2 necrophages (D:5)
  3 gnoll sergeants (D:12)
  3 wights (D:6)
  9 killer bees
  4 howler monkeys
  A lava snake (Lair:1)
  2 centaur zombies (Ossuary)
  7 human zombies (Ossuary)
  3 hounds
  4 jellies
  A gnoll bouda (D:8)
  13 orc priests
  4 iguanas
  3 scorpion zombies (Ossuary)
  17 orc wizards
  4 hell rats (Lair:2)
  3 mummies (Ossuary)
  11 gnolls
  10 adders
  5 shadow imps
  6 white imps
  2 ufetubi
  2 dart slugs (D:1)
  3 worms
  46 orcs
  3 ball pythons
  4 bats
  3 endoplasms
  A giant cockroach (D:1)
  9 goblins
  8 hobgoblins
  5 jackals
  3 quokkas
  4 frilled lizards
  2 gnoll zombies (Ossuary)
  A goblin zombie (Ossuary)
  15 kobolds
  A kobold zombie (Ossuary)
  4 rats
  A spectral orc (D:6)
527 creatures vanquished.

Vanquished Creatures (others)
  An orc wizard (D:10)
  2 bushes (Lair:5)
  42 fungi
  47 plants
  2 withered plants (Lair:1)
94 creatures vanquished.

Grand Total: 621 creatures vanquished

Notes
Turn   | Place    | Note
-------+----------+-------------------------------------------
     0 | D:1      | mortz the Gargoyle Monk began the quest for the Orb.
     0 | D:1      | Reached XP level 1. HP: 14/14 MP: 1/1
   172 | D:1      | Reached XP level 2. HP: 19/19 MP: 2/2
   263 | D:1      | Found a faded altar of an unknown god.
   474 | D:1      | Prayed at the altar of an unknown god.
   474 | D:1      | Became a worshipper of Trog the Wrathful
   474 | D:1      | Reached * piety under Trog
   474 | D:1      | Reached ** piety under Trog
   498 | D:1      | Reached skill level 4 in Fighting
   498 | D:1      | Reached XP level 3. HP: 21/24 MP: 3/3
  1441 | D:2      | Reached *** piety under Trog
  1703 | D:2      | Reached XP level 4. HP: 30/30 MP: 4/4
  2323 | D:3      | Found a burning altar of Makhleb.
  2323 | D:3      | Noticed a green death
  2326 | D:3      | Identified the +10 spear of Doom {vorpal, +Blink Int-4
                  | Stlth+}
  2326 | D:3      | Noticed an orange demon
  2326 | D:3      | Noticed a hellwing
  2643 | D:4      | Found Eckuy's Antique Weapon Emporium.
  2778 | D:4      | Found Kemueby's Distillery.
  2787 | D:4      | Bought a potion of curing for 36 gold pieces
  2787 | D:4      | Bought a potion of might for 48 gold pieces
  3209 | D:4      | Reached skill level 1 in Evocations
  3215 | D:4      | Reached skill level 1 in Polearms
  3215 | D:4      | Reached XP level 5. HP: 29/34 MP: 5/5
  3271 | D:4      | Noticed an ogre
  3432 | D:4      | Killed an ogre
  3433 | D:4      | Reached skill level 5 in Fighting
  3433 | D:4      | Reached XP level 6. HP: 40/40 MP: 6/6
  3609 | D:5      | Entered Level 5 of the Dungeon
  3672 | D:5      | Noticed a black bear
  3676 | D:5      | Killed a black bear
  3677 | D:5      | Reached XP level 7. HP: 44/45 MP: 7/7
  3737 | D:5      | Found a sand-covered staircase.
  3742 | D:5      | Reached skill level 6 in Fighting
  3774 | Ossuary  | Entered an ossuary
  3868 | Ossuary  | Reached **** piety under Trog
  3880 | Ossuary  | Reached XP level 8. HP: 52/52 MP: 8/8
  3942 | Ossuary  | Reached skill level 7 in Fighting
  4180 | D:5      | Noticed Blork the orc
  4189 | D:5      | Killed Blork the orc
  4190 | D:5      | Reached skill level 5 in Evocations
  4208 | D:5      | Reached skill level 5 in Polearms
  4436 | D:5      | Reached XP level 9. HP: 58/59 MP: 9/9
  4441 | D:5      | Reached skill level 8 in Fighting
  5438 | D:6      | Reached skill level 1 in Armour
  5459 | D:6      | Found a basalt altar of Yredelemnul.
  5756 | D:6      | Reached skill level 1 in Shields
  5764 | D:7      | Found a staircase to the Ecumenical Temple.
  5860 | D:7      | Noticed a hornet
  5898 | D:7      | Killed a hornet
  6014 | D:7      | Found a snail-covered altar of Cheibriados.
  6136 | D:7      | Found Culuna's Distillery.
  6158 | D:7      | Bought a potion of heal wounds for 50 gold pieces
  6158 | D:7      | Bought a potion of haste for 100 gold pieces
  6158 | D:7      | Bought a potion of curing for 30 gold pieces
  6190 | D:7      | Reached skill level 9 in Fighting
  6254 | D:7      | Reached ***** piety under Trog
  6477 | D:8      | Found a hazy altar of Hepliaklqana.
  6480 | D:8      | Found a stormy altar of Qazlal.
  6485 | D:8      | Found an iron altar of Okawaru.
  6537 | D:8      | Reached XP level 10. HP: 50/66 MP: 10/10
  6617 | D:8      | Noticed Erica
  6633 | D:8      | Killed Erica
  6634 | D:8      | Reached skill level 10 in Fighting
  6921 | D:8      | Found a blossoming altar of Fedhas.
  6996 | D:8      | Noticed a cyclops
  7003 | D:8      | Killed a cyclops
  7148 | D:8      | Noticed a two-headed ogre
  7155 | D:8      | Killed a two-headed ogre
  7448 | D:9      | Killed an unseen horror
  7523 | D:9      | Noticed a boulder beetle
  7536 | D:9      | Killed a boulder beetle
  7537 | D:9      | Reached skill level 11 in Fighting
  7537 | D:9      | Reached skill level 5 in Armour
  7537 | D:9      | Reached XP level 11. HP: 74/74 MP: 11/11
  7613 | D:9      | Reached skill level 5 in Shields
  7778 | D:9      | Found Kougump's Jewellery Shoppe.
  7929 | D:9      | Found a staircase to the Lair.
  8083 | D:9      | Received a gift from Trog
  8367 | D:10     | Entered Level 10 of the Dungeon
  8618 | D:10     | Found a radiant altar of Vehumet.
  8846 | D:10     | Noticed a centaur warrior
  8861 | D:10     | Killed a centaur warrior
  9062 | D:10     | Found a sacrificial altar of Ru.
  9215 | Lair:1   | Entered Level 1 of the Lair of Beasts
  9228 | Lair:1   | Reached skill level 12 in Fighting
  9228 | Lair:1   | Noticed a seven-headed hydra
  9238 | Lair:1   | Killed a seven-headed hydra
  9286 | Lair:1   | Noticed a death yak
  9286 | Lair:1   | Noticed a death yak
  9287 | Lair:1   | Noticed a death yak
  9304 | Lair:1   | Killed a death yak
  9311 | Lair:1   | Killed a death yak
  9314 | Lair:1   | Reached XP level 12. HP: 82/82 MP: 12/12
  9328 | Lair:1   | Killed a death yak
  9651 | Lair:1   | Noticed a death yak
  9662 | Lair:1   | Noticed a death yak
  9675 | Lair:1   | Killed a death yak
  9683 | Lair:1   | Killed a death yak
  9684 | Lair:1   | Reached skill level 13 in Fighting
  9722 | Lair:1   | Found a runed translucent door.
  9726 | Lair:1   | Noticed PorkyPig's ghost (journeyman DrCj)
 10316 | Lair:1   | Found the +8 whip "Snakebite" {venom, curare, rPois}
 10752 | Lair:2   | Noticed a five-headed hydra
 10762 | Lair:2   | Killed a five-headed hydra
 10938 | Lair:2   | Reached XP level 13. HP: 81/89 MP: 13/13
 10943 | Lair:2   | Reached skill level 14 in Fighting
 11682 | Lair:3   | Found a gate leading to a gauntlet.
 11697 | Gauntlet | Entered a Gauntlet
 11697 | Gauntlet | Found a transporter.
 11697 | Gauntlet | Found a transporter.
 11710 | Gauntlet | Found a transporter.
 11710 | Gauntlet | Found a transporter.
 11715 | Gauntlet | Found a runed translucent door.
 11727 | Gauntlet | Found a transporter.
 11728 | Gauntlet | Found a transporter.
 11735 | Gauntlet | Found a transporter.
 11749 | Gauntlet | Found a transporter.
 11766 | Gauntlet | Found a transporter.
 11770 | Gauntlet | Found a transporter.
 11772 | Gauntlet | Found a runed translucent gate.
 11772 | Gauntlet | Found a runed translucent gate.
 11772 | Gauntlet | Found a runed translucent gate.
 11827 | Gauntlet | Found a transporter.
 11831 | Gauntlet | Found a transporter.
 11983 | Gauntlet | Identified the +1 pair of boots "Qiegosegoo" {rPois rC+
                  | Will++}
 12125 | Gauntlet | Identified the ring "Hesick" {Fly rElec}
 12174 | Gauntlet | Noticed a minotaur
 12184 | Gauntlet | Killed a minotaur
 12441 | Lair:3   | Found a staircase to the Shoals.
 12626 | Lair:3   | Found a hole to the Spider Nest.
 12765 | Lair:3   | Received a gift from Trog
 12965 | Lair:3   | Noticed Josephine
 12981 | Lair:3   | Killed Josephine
 13343 | Lair:4   | Reached skill level 15 in Fighting
 13692 | Lair:4   | Gained mutation: Your large and strong wings let you fly.
                  | [Gargoyle growth]
 13692 | Lair:4   | Reached XP level 14. HP: 98/98 MP: 14/14
 13992 | Lair:4   | Noticed Kirke
 14007 | Lair:4   | Killed Kirke
 14337 | Lair:5   | Entered Level 5 of the Lair of Beasts
 14442 | Lair:5   | Reached skill level 10 in Polearms
 14579 | Lair:5   | Reached skill level 10 in Evocations
 14624 | Lair:5   | Reached skill level 10 in Armour
 14756 | Lair:5   | Reached ****** piety under Trog
 14757 | Lair:5   | Reached skill level 16 in Fighting
 14835 | Lair:5   | Reached skill level 10 in Shields
 15458 | Lair:5   | Found a staircase to the Slime Pits.
 15462 | Lair:5   | Found a viscous altar of Jiyva.
 15656 | Lair:5   | Identified the +11 great sword of Spite {holy, rPois MP+9}
 15675 | Lair:5   | Identified the amulet "Ragurch" {RegenMP rPois Dex+2}
 15923 | D:10     | Received a gift from Trog
 16398 | D:11     | You are sucked into a shaft and drop 1 floor!
 16486 | D:11     | Reached XP level 15. HP: 105/105 MP: 15/15
 16691 | D:11     | Found a shimmering blue altar of Sif Muna.
 17285 | D:12     | Found a staircase to the Orcish Mines.
 17314 | D:12     | Reached skill level 17 in Fighting
 17649 | Orc:1    | Entered Level 1 of the Orcish Mines
 17650 | Orc:1    | Found Gaxas's Antique Armour Emporium.
 17692 | Orc:1    | Received a gift from Trog
 17882 | Orc:2    | Entered Level 2 of the Orcish Mines
 17995 | Orc:2    | Noticed Erolcha
 18012 | Orc:2    | Killed Erolcha
 18133 | Orc:2    | Found a staircase to the Elven Halls.
 18232 | Orc:1    | Mangled by a warg

Illustrated notes

Levels and vault maps discovered:
D:1:      minmay_arrival_semitransparent, layout_basic,
          ebering_ecumenical_altar_sacrificial
D:2:      layout_basic
D:3:      layout_rooms, makhleb_altar_promises_db, grunt_ministairs_6
D:4:      layout_cave_pods, serial_shops, nicolae_stop_n_shop_1,
          nicolae_shop_temple_entry_statues_fountains, minmay_hedge_maze
D:5:      layout_basic, lightli_ossuary_entry_decrepit_ruins,
          hangedman_minor_gate_pass, uniq_blork_the_orc
D:6:      layout_basic, yredelemnul_forgotten_temple_becter, dk_noncrumbling_3
D:7:      layout_gridville, cheibriados_altar_1,
          minmay_temple_entry_from_below_a, serial_shops,
          nicolae_shop_hallway_stairs
D:8:      layout_basic, fedhas_altar_1, grunt_temple_overflow_diamond,
          minmay_three_doors, uniq_erica
D:9:      layout_loops_ring, erik_lair_orcish_takeover, serial_shops,
          nicolae_shop_window_shopping
D:10:     layout_basic, fiery_altar_vehumet, nicolae_ru_the_path_less_chosen
D:11:     layout_irregular_city, led_sif_book
D:12:     layout_roguey, kennysheep_orc_monster_closet_entryway,
          nicolae_fountain_basement
Lair:1:   minmay_guarded_unrand_snakebite, layout_chaotic_city,
          gammafunk_ghost_grave, serial_bayou_crossing
Lair:2:   layout_misc_corridors, grunt_megastairs_4
Lair:3:   layout_chaotic_city, minmay_shoals_entry_lonely_mermaid,
          hellmonk_spider_entry_not_the_bees, gauntlet_entry_generic,
          beast_lair_carwin_2, uniq_josephine
Lair:4:   layout_roguey, grunt_megastairs_2, uniq_kirke
Lair:5:   gammafunk_lair_ancient_temple, layout_regular_city,
          minmay_slime_entry_pillars
Orc:1:    layout_caves, serial_shops, nicolae_shop_trees, nicolae_orc_tapped_out
Orc:2:    grunt_orc_community_town_hall, layout_caves,
          grunt_orc_community_big_house_2, grunt_orc_community_big_house_1,
          grunt_orc_community_house_2, grunt_orc_community_house_3,
          grunt_orc_community_house_2, grunt_orc_community_house_2,
          kennysheep_orc_chapel, uniq_erolcha, uniq_rupert

Skill      XL: |  1  2  3  4  5  6  7  8  9 10 11 12 13 14 15 |
---------------+----------------------------------------------+-----
Fighting       | 4 5 6 7 9 11 12 13 15 16 17 | 17.1
Maces & Flails | 4 |  4.0
Evocations     | 1 2 3 5 6 7 8 9 10 | 10.0
Polearms       | 1 3 5 6 7 8 9 10 | 10.9
Armour         | 2 5 6 8 9 10 11 | 11.0
Shields        | 2 4 6 8 9 10 | 10.9
Dodging        | 4 |  4.6
Stealth        | |  2.1

Action                   |  1- 3 |  4- 6 |  7- 9 | 10-12 | 13-15 || total
-------------------------+-------+-------+-------+-------+-------++-------
Melee: Mace              |    87 |    37 |       |       |       ||   124
       Spear             |       |    76 |   292 |   640 |  1284 ||  2292
Throw: Stone             |       |     1 |     4 |       |       ||     5
       Boomerang         |       |       |     2 |     1 |    28 ||    31
       Dart              |       |       |       |       |     7 ||     7
Invok: Berserk           |     1 |     1 |     1 |    11 |     6 ||    20
  Use: Scroll            |       |     7 |    13 |     3 |     5 ||    28
       Potion            |       |       |     2 |     1 |       ||     3
 Stab: Sleeping          |     4 |     1 |     4 |     2 |       ||    11
       Distracted        |       |       |     3 |       |       ||     3
Armor: Robe              |    14 |       |       |       |       ||    14
       Ring mail         |    13 |    48 |   107 |    13 |       ||   181
       Chain mail        |       |       |       |    86 |       ||    86
       Plate armour      |       |       |       |   158 |   611 ||   769
Dodge: Dodged            |    29 |    31 |    56 |    77 |   166 ||   359
Block: Tower shield      |    46 |    59 |   123 |   351 |   962 ||  1541
